 Dungeon Crawl Stone Soup version 0.29.0-4-gdea44cf6ec (webtiles) character file.

Game seed: 8514712081637924309

123 qw the Chopper (level 5, -5/30 HPs)
             Began as a Tengu Warper on Aug 28, 2022.
             Slain by an ogre
             ... wielding a +0 giant club
              (34 damage)
             ... on level 3 of the Dungeon.
             The game lasted 00:00:14 (2730 turns).

qw the Chopper (Tengu Warper)                       Turns: 2730, Time: 00:00:14

Health: -5/30      AC:  6    Str: 14    XL:     5   Next: 7%
Magic:  9/9        EV: 11    Int: 13    God:
Gold:   133        SH:  0    Dex: 13    Spells: 8/8 levels left

rFire   . . .      SeeInvis .   Y - +0 hand axe (flame)
rCold   . . .      Faith    .   (no shield)
rNeg    . . .      Spirit   .   c - +0 scale mail
rPois   .          Reflect  .   (helmet restricted)
rElec   .          Harm     .   (no cloak)
rCorr   .          Rampage  .   (no gloves)
Will    .....                   (boots unavailable)
Stlth   ..........              (no amulet)
HPRegen 0.10/turn               (no ring)
MPRegen 0.11/turn               (no ring)

@: flying quickly and evasively, quick
A: beak, talons 3, nimble flight
a: no special abilities


You were on level 3 of the Dungeon.
You visited 1 branch of the dungeon, and saw 3 of its levels.

You collected 133 gold pieces.


Innate Abilities, Weirdness & Mutations

You have a beak for a mouth.
You have claws for feet.
Your magical nature lets you fly swiftly and evasively.


   Skills:
 - Level 2.0 Fighting
 + Level 5.6 Axes
 - Level 1.0 Throwing
 - Level 1.1 Armour
 - Level 2.1 Dodging
 - Level 2.0 Spellcasting
 - Level 2.4 Translocations


You had 8 spell levels left.
You didn't know any spells.
Your spell library contained the following spells:

 Spells                   Type           Power      Damage    Failure   Level
 Blink                    Tloc           14%        N/A       54%         2
 Gell's Gravitas          Tloc           7%         N/A       77%         3
 Lesser Beckoning         Tloc           7%         N/A       77%         3
 Teleport Other           Tloc           7%         N/A       77%         3
 Manifold Assault         Tloc           7%         N/A       100%        5

Inventory:

Hand Weapons
 Y - a +0 hand axe of flaming (weapon)
Armour
 c - a +0 scale mail (worn)
Scrolls
 j - a scroll of identify
Potions
 e - a potion of haste
 k - a potion of lignification {unknown}

Dungeon Overview and Level Annotations

Branches:
Dungeon (3/15)

Altars:


Message History

HP restored.
Done exploring.
(D) Dungeon
Where to? (* - list waypoints, Enter - D:3, ? - help)
What level of the Dungeon? (default 1, ? - help)
A hobgoblin comes into view.
The hobgoblin shouts!
You hit the hobgoblin. You burn the hobgoblin.
You kill the hobgoblin!
Done exploring.
(D) Dungeon
Where to? (* - list waypoints, Enter - D:3, ? - help)
What level of the Dungeon? (default 1, ? - help)
There is a stone staircase leading down here.
You fly downwards.
There is a stone staircase leading up here.
Existing waypoints: (1) D:2 (2) D:1 Assign waypoint to what number? (0-9, D - delete waypoint) Waypoint 2 re-assigned from D:1 to D:3.
You reach down and open the door.
Found 5 poisoned darts and a long sword.
Enter note:
There is an open door here.
A ball python, a dart slug, an adder and an ogre come into view.
The adder hisses angrily.
The ogre shouts!
Enter note:
2724 ||| Stepping ~*~*~tactically~*~*~ (hiding).
An orc comes into view. It is wielding a +0 club.
The dart slug launches a dart at you. The slug dart hits you.
You barely miss the dart slug. You claw the dart slug.
The dart slug is severely wounded.
The dart slug misses you.
You hit the dart slug. You burn the dart slug.
You kill the dart slug!
You hit the ogre but do no damage.
The ogre hits you with a +0 giant club!!
Ouch! That really hurt!
You die...

#..... ....
......
....#######......
........).#....$.
#........o....
#.....(.....#
#...........#
#........O..#
#.......@..#
#####'###S.# #.#
S...# #.# .......
#############.#
.......
#.............#
#......
##.####...#####
...... #.# #...#
###### #.# #...#


You could see an ogre, an adder, an orc and a ball python.

Vanquished Creatures
  Jessica (D:2)
  4 gnolls (D:2)
  2 adders (D:2)
  A worm (D:2)
  A dart slug (D:3)
  5 endoplasms
  6 goblins
  3 hobgoblins
  A jackal (D:2)
  2 kobolds (D:2)
  A quokka (D:2)
  2 ball pythons (D:2)
  7 bats
  A frilled lizard (D:1)
  5 rats
42 creatures vanquished.

Notes
Turn   | Place    | Note
-------+----------+-------------------------------------------
     0 | D:1      | qw the Tengu Warper began the quest for the Orb.
     0 | D:1      | Reached XP level 1. HP: 12/12 MP: 4/4
     0 | D:1      | 0 ||| qw: Version: 0.1-a-89-g26bdef1
     0 | D:1      | 0 ||| qw: Game counter: 2100
     0 | D:1      | 0 ||| qw: Always use a shield: true
     0 | D:1      | 0 ||| qw: God list: Okawaru
     0 | D:1      | 0 ||| qw: Allow faded altars: false
     0 | D:1      | 0 ||| qw: Do Orc after D:15 true
     0 | D:1      | 0 ||| qw: Do second Lair branch before Depths: true
     0 | D:1      | 0 ||| qw: Lair rune preference: random
     0 | D:1      | 0 ||| qw: Plans: Normal
     0 | D:1      | 0 ||| PLANNING D:1-11
   178 | D:1      | Found a faded altar of an unknown god.
   244 | D:1      | Reached skill level 3 in Axes
   244 | D:1      | Reached XP level 2. HP: 17/17 MP: 6/6
   507 | D:1      | 507 ||| Stepping ~*~*~tactically~*~*~ (water).
   713 | D:1      | 713 ||| UPGRADING to +0 ring mail.
   723 | D:1      | 723 ||| DROPPING +0 leather armour.
   724 | D:1      | 724 ||| READING scroll labelled PIOSKIJERI.
   825 | D:1      | 825 ||| READING 3 scrolls labelled GEIJIU QOT BOFO.
   826 | D:1      | 826 ||| READING scroll labelled GYSTRIG IWONEUGH.
   827 | D:1      | 827 ||| READING scroll labelled ORARHOA GILOV.
   830 | D:1      | 830 ||| READING scroll labelled OTWUUH ETRYS.
   831 | D:1      | 831 ||| DROPPING +0 mace.
   832 | D:1      | 832 ||| DRINKING 2 clear potions.
   833 | D:1      | 833 ||| READING 2 scrolls of identify.
   833 | D:1      | 833 ||| IDENTIFYING fizzy pink potion
   834 | D:1      | 834 ||| DROPPING scroll of blinking.
  1092 | D:2      | Reached XP level 3. HP: 21/21 MP: 7/7
  1151 | D:2      | Reached skill level 4 in Axes
  1159 | D:2      | 1159 ||| Stepping ~*~*~tactically~*~*~ (stealth).
  1437 | D:2      | Reached XP level 4. HP: 25/26 MP: 8/8
  1640 | D:2      | HP: 4/26 [gnoll/+0 whip (4)]
  1640 | D:2      | HP: 1/26 [gnoll/+0 flail (3)]
  1641 | D:2      | 1641 ||| DRINKING potion of heal wounds.
  1645 | D:2      | HP: 4/26 [gnoll/+0 flail (6)]
  1646 | D:2      | Reached skill level 5 in Axes
  2186 | D:2      | Noticed Jessica
  2187 | D:2      | 2187 ||| Stepping ~*~*~tactically~*~*~ (hiding).
  2195 | D:2      | Killed Jessica
  2196 | D:2      | Gained mutation: Your magical nature lets you fly swiftly
                  | and evasively. [Tengu growth]
  2196 | D:2      | Reached XP level 5. HP: 21/30 MP: 9/9
  2404 | D:2      | 2404 ||| DROPPING +2 robe of willpower.
  2405 | D:2      | 2405 ||| DROPPING scarf of shadows.
  2406 | D:2      | 2406 ||| UPGRADING to +0 scale mail.
  2416 | D:2      | 2416 ||| DROPPING +0 ring mail.
  2417 | D:2      | 2417 ||| READING scroll labelled VIXKOIM TAYWKU.
  2418 | D:2      | 2418 ||| READING 2 scrolls of identify.
  2418 | D:2      | 2418 ||| IDENTIFYING green potion
  2419 | D:2      | 2419 ||| DROPPING potion of ambrosia.
  2420 | D:2      | 2420 ||| Stepping randomly (stuck).
  2421 | D:2      | 2421 ||| Stepping ~*~*~tactically~*~*~ (cloud).
  2723 | D:3      | Noticed an ogre
  2724 | D:3      | 2724 ||| Stepping ~*~*~tactically~*~*~ (hiding).
  2730 | D:3      | Slain by an ogre

Levels and vault maps discovered:
D:1:      co_arrival_square_in_a_square_in_a_square, layout_basic,
          shapermc_ecumenical_altar_mp_ritualfount,
          chequers_serial_rivers_small_3, minmay_misc_feat_enclosed
D:2:      wad_river_or_something, layout_basic, uniq_jessica
D:3:      layout_basic, nicolae_qazlal_scattered_showers,
          nicolae_overflow_hidden_temple

Skill      XL: |  1  2  3  4 |
---------------+-------------+-----
Axes           | 3 4 5 |  5.6
Fighting       | |  2.0
Throwing       | |  1.0
Armour         | |  1.1
Dodging        | |  2.1
Spellcasting   | |  2.0
Translocations | |  2.4

Action                   |  1- 3 |  4- 6 || total
-------------------------+-------+-------++-------
Melee: Hand axe          |    62 |    34 ||    96
       Kick              |     9 |     6 ||    15
       Peck              |    12 |     9 ||    21
       Punch             |     2 |       ||     2
Throw: Boomerang         |     7 |       ||     7
  Use: Scroll            |     6 |     2 ||     8
       Potion            |     1 |     1 ||     2
Armor: Leather armour    |    10 |       ||    10
       Ring mail         |     6 |     5 ||    11
Dodge: Dodged            |    22 |    11 ||    33

Table legend:
 A = Non-vault XP
 B = Vault XP
 C = Vault XP percentage of total XP
 D = Non-vault monster count
 E = Vault monster count
 F = Vault count percentage of total count
                 A         B        C        D         E       F
            +---------+---------+-------+---------+---------+-------
      Total |      93 |      87 |  48.3 |      32 |      10 |  23.8
            +---------+---------+-------+---------+---------+-------
        D:1 |      22 |       0 |   0.0 |      15 |       0 |   0.0
        D:2 |      67 |      87 |  56.5 |      16 |      10 |  38.5
        D:3 |       4 |       0 |   0.0 |       1 |       0 |   0.0
            +---------+---------+-------+---------+---------+-------
